 Dungeon Crawl Stone Soup version 0.28-a0-850-g09de17f5b5 (webtiles) character file.

Game seed: 16743604763415837450

131 Crownlay the Sneak (level 5, -1/36 HPs)
             Began as an Octopode Brigand on Nov 13, 2021.
             Slain by a gnoll (7 damage)
             ... on level 3 of the Dungeon.
             The game lasted 00:03:25 (2269 turns).

Crownlay the Sneak (Octopode Brigand)               Turns: 2269, Time: 00:03:26

Health: -1/36      AC:  1    Str: 10    XL:     5   Next: 14%
Magic:  5/5        EV: 12    Int: 14    God:
Gold:   59         SH:  0    Dex: 14    Spells: 4/4 levels left

rFire   . . .      SeeInvis .   a - +2 dagger
rCold   + . .      Faith    .   (no shield)
rNeg    . . .      Spirit   .   (helmet restricted)
rPois   .          Reflect  .   (no amulet)
rElec   .          Harm     .   h - ring of protection from cold
rCorr   .          Rampage  .   (no ring)
Will    .....                   (no ring)
Stlth   ++++......              (no ring)
HPRegen 0.12/turn               (no ring)
MPRegen 0.09/turn               (no ring)
                                (no ring)
                                (no ring)

@: no status effects
A: almost no armour, amphibious, 8 rings, camouflage 1, gelatinous body 1,
(nimble swimmer 1), tentacles
a: no special abilities


You were on level 3 of the Dungeon.
You visited 1 branch of the dungeon, and saw 3 of its levels.

You collected 59 gold pieces.

Inventory:

Hand Weapons
 a - a +2 dagger (weapon)
Missiles
 b - 29 poisoned darts (quivered)
 c - 2 curare-tipped darts
Jewellery
 h - a ring of protection from cold (left tentacle)
Scrolls
 e - 2 scrolls of identify {unknown}
 f - 2 scrolls of teleportation {unknown}
 g - a scroll of immolation {unknown}
 i - a scroll of silence {unknown}
Potions
 d - a potion of flight {unknown}
 j - a potion of attraction {unknown}


   Skills:
 * Level 3.5 Fighting
 + Level 2.8 Short Blades
 - Level 2.0 Throwing
 - Level 1.0 Dodging
 * Level 6.9 Stealth


You had 4 spell levels left.
You didn't know any spells.
Your spell library contained the following spells:

 Spells                   Type           Power      Damage    Failure   Level
 Corpse Rot               Necr/Air       0%         N/A       41%         2
 Poisonous Vapours        Pois/Air       0%         N/A       41%         2


Dungeon Overview and Level Annotations

Branches:
Dungeon (3/15)

Altars:
Cheibriados


Innate Abilities, Weirdness & Mutations

You cannot wear most types of armour.
You are amphibious.
You can wear up to eight rings at the same time.
Your skin changes colour to match your surroundings (Stealth+).
Your rubbery body absorbs attacks. (AC +1, EV +1)
((You are camouflaged near water. (Stealth+)))
You have tentacles for arms and can constrict up to eight enemies at once.


Message History

2 gnolls come into view.
There is a stone staircase leading up here.
A goblin comes into view. It is wielding a +0 club.
The goblin shouts!
You hear a shout! x2
Found a robe.
A gnoll comes into view. It is wielding a +0 flail.
You barely miss the goblin. You grab the goblin. You squeeze the goblin.
You kill the goblin!
The gnoll throws a throwing net.
The throwing net hits you.
You become entangled in the net!
An endoplasm comes into view.
Things that are here:
a throwing net; a +0 club You tear a large gash into the net.
You struggle against the net.
The gnoll hits you with a +0 flail!
You rip the net and break free!
The gnoll hits you with a +0 flail.
You hit the gnoll. Your grab misses the gnoll.
The gnoll is moderately wounded.
The gnoll barely misses you.
You hit the gnoll. You grab the gnoll.
The gnoll is heavily wounded.
You constrict the gnoll. You hit the gnoll. You squeeze the gnoll.
You kill the gnoll!
The endoplasm closely misses you. The gnoll hits you with a +0 spear.
You barely miss the gnoll. You grab the gnoll. You constrict the gnoll.
The gnoll hits you with a +0 spear.
* * * LOW HITPOINT WARNING * * *
You hit the gnoll.
The gnoll is moderately wounded.
You constrict the gnoll. The endoplasm barely misses you.
The gnoll hits you with a +0 spear.
* * * LOW HITPOINT WARNING * * *
You hit the gnoll.
The gnoll is heavily wounded.
You constrict the gnoll. The endoplasm hits you.
* * * LOW HITPOINT WARNING * * *
The gnoll hits you with a +0 spear!
You die...

.......
..[....
....... +#
#.....#.
#.......
#......#
#.....)# g##
#J##..###
#@##..g.
#g##...
#.##..
#.##.#
...####.##.#
...........#
.##.##.##.<#
#. #..#
......#


You could see a gnoll and an endoplasm.

Vanquished Creatures
  A jelly (D:2)
  Jessica (D:2)
  A gnoll (D:3)
  2 adders (D:2)
  A dart slug (D:1)
  4 endoplasms
  A giant cockroach (D:2)
  3 hobgoblins
  7 kobolds
  2 quokkas
  6 ball pythons
  4 bats (D:1)
  3 frilled lizards
  7 goblins
  6 rats
49 creatures vanquished.

Notes
Turn   | Place    | Note
-------+----------+-------------------------------------------
     0 | D:1      | Crownlay the Octopode Brigand began the quest for the Orb.
     0 | D:1      | Reached XP level 1. HP: 14/14 MP: 1/1
   373 | D:1      | Reached XP level 2. HP: 19/19 MP: 2/2
   830 | D:1      | Found a faded altar of an unknown god.
   958 | D:1      | Reached XP level 3. HP: 25/25 MP: 3/3
  1088 | D:1      | Reached skill level 6 in Stealth
  1477 | D:2      | Found a snail-covered altar of Cheibriados.
  1505 | D:2      | Reached XP level 4. HP: 31/31 MP: 4/4
  2065 | D:2      | Noticed Jessica
  2072 | D:2      | Killed Jessica
  2073 | D:2      | Reached XP level 5. HP: 36/36 MP: 5/5
  2269 | D:3      | Slain by a gnoll

Illustrated notes

Levels and vault maps discovered:
D:1:      amcnicky_arrival_flooded_fountain, layout_loops_corners,
          dreamdust_ecumenical_altar_angels_and_demons
D:2:      layout_basic, basic_altar, uniq_jessica
D:3:      layout_basic, lemuel_tele_altar, kennysheep_cross_bottleneck,
          uniq_ijyb

Skill      XL: |  1  2  3 |
---------------+----------+-----
Stealth        | 6 |  6.9
Fighting       | 3 |  3.5
Short Blades   | |  2.8
Throwing       | |  2.0
Dodging        | |  1.0

Action                   |  1- 3 |  4- 6 || total
-------------------------+-------+-------++-------
Melee: Dagger            |    64 |    17 ||    81
       Constrict         |    10 |     3 ||    13
       Tentacles         |     8 |     4 ||    12
 Stab: Sleeping          |    17 |     4 ||    21
Armor: Skin              |     1 |       ||     1
Dodge: Dodged            |    24 |     5 ||    29

Table legend: (Time is in decaauts)
 A = Elapsed time spent in this place.
 B = Non-inter-level travel time spent in this place.
 C = Inter-level travel time spent in this place.
 D = Time resting spent in this place.
 E = Time spent auto-exploring this place.
 F = Levels seen in this place.
 G = Mean time per level.
                   A        B        C        D        E       F      G
               +--------+--------+--------+--------+--------+-----+--------+
         Total |   2258 |   2207 |     51 |      0 |   1907 |   3 |  752.7 |
       Dungeon |   2258 |   2207 |     51 |      0 |   1907 |   3 |  752.7 |
               +--------+--------+--------+--------+--------+-----+--------+

Top non-repeatable levels by time:
     D:1: 1353 daAuts
     D:2: 883 daAuts
     D:3: 22 daAuts
